 Dungeon Crawl Stone Soup version 0.30-a0-364-gf6b3ef1049 (webtiles) character file.

Game seed: 3818758537998364284

275778 jlumianski the Warrior (level 19, -11/163 (167) HPs)
             Began as a Demonspawn Fighter on Nov 15, 2022.
             Was a High Priest of Qazlal.
             Killed from afar by a crystal guardian (45 damage)
             ... with a crystal bolt
             ... led by a peacekeeper
             ... on level 3 of the Vaults.
             The game lasted 05:26:05 (41955 turns).

jlumianski the Warrior (Demonspawn Fighter)        Turns: 41955, Time: 05:26:06

HP:   -11/163 (167) AC: 30    Str: 26    XL:     19   Next: 56%
MP:   32/32         EV:  7    Int: 12    God:    Qazlal [*****.]
Gold: 1472          SH: 30    Dex: 18    Spells: 18/18 levels left

rFire   + . .      SeeInvis +    F - +8 war axe (vamp)
rCold   . . .      Faith    .    o - +0 tower shield
rNeg    . . .      Spirit   .    s - +7 chain mail of Xuxeme {+Inv Regen+ Dex-2}
rPois   .          Reflect  +    (helmet unavailable)
rElec   .          Harm     +    r - +2 cloak
rCorr   +          Rampage  .    h - +2 pair of gloves
Will    +....                    v - +2 pair of boots
Stlth   +.........               D - amulet "Wyloits" {Reflect Harm Str+3 Dex+2 SH+5}
HPRegen 1.27/turn                b - +4 ring of slaying
MPRegen 0.23/turn                e - ring of resist corrosion

@: protected from fire, lightly drained, repel missiles
A: antennae 3, thin skeletal structure 3, ignite blood 2, spiny 3, bedeviling
}: 2/15 runes: barnacled, gossamer
a: Renounce Religion, Evoke Invisibility, Upheaval, Elemental Force, Disaster
Area


You were on level 3 of the Vaults.
You worshipped Qazlal.
Qazlal was extremely pleased with you.
You visited 7 branches of the dungeon, and saw 34 of its levels.
You visited the Abyss 1 time.
You visited 2 bazaars.
You also visited: Gauntlet and Volcano.

You collected 4128 gold pieces.
You spent 2656 gold pieces at shops.

Inventory:

Hand Weapons
 F - a +8 vampiric war axe (weapon)
 V - a +4 demon trident of freezing
Missiles
 i - 10 boomerangs (quivered)
 p - 9 throwing nets
 z - 5 atropa-tipped darts
 H - 46 poisoned darts
 S - 9 javelins
Armour
 h - a +2 pair of gloves (worn)
 o - a +0 tower shield (worn)
 r - a +2 cloak (worn)
 s - the +7 chain mail of Xuxeme (worn) {+Inv Regen+ Dex-2}
   (You found it on level 4 of the Shoals)

   Dex:       It affects your dexterity (-2).
   +Inv:      It lets you turn invisible.
   Regen:     It increases your rate of health regeneration.
 v - a +2 pair of boots (worn)
Jewellery
 b - a +4 ring of slaying (left hand)
 e - a ring of resist corrosion (right hand)
 f - a ring of poison resistance
 k - the ring "Toheheqe" {rF+ Stlth+}
   (You found it on level 1 of the Shoals)

   [ring of protection from fire]

   rF:        It protects you from fire.
   Stlth:     It makes you more stealthy.
 t - a ring of wizardry
 B - a ring of protection from cold
 C - an amulet of magic regeneration
 D - the amulet "Wyloits" (around neck) {Reflect Harm Str+3 Dex+2 SH+5}
   (You found it on level 4 of the Shoals)

   [amulet of reflection]

   It reflects blocked missile attacks.
   Str:       It affects your strength (+3).
   Dex:       It affects your dexterity (+2).
   SH:        It affects your SH (+5).
   Harm:      It increases damage dealt and taken.
 Q - a ring of ice
 R - the amulet "Bitwaut" {Faith rF+}
   (You took it off a minotaur in a Gauntlet)

   [amulet of faith]

   It allows you to gain divine favour quickly.
   rF:        It protects you from fire.
 T - a +6 ring of strength
Wands
 G - a wand of roots (16)
 K - a wand of charming (16)
 L - a wand of mindburst (40)
 U - a wand of light (12)
 X - a wand of flame (44)
Scrolls
 a - a scroll of immolation
 c - 2 scrolls of amnesia
 j - a scroll of summoning
 w - 7 scrolls of butterflies
 y - 8 scrolls of teleportation
 A - 7 scrolls of magic mapping
 J - 8 scrolls of fear
 M - 5 scrolls of blinking
Potions
 d - 5 potions of might
 g - 4 potions of heal wounds
 l - 2 potions of flight
 m - 14 potions of curing
 q - 3 potions of resistance
 u - 4 potions of invisibility
 E - 4 potions of cancellation
 I - 6 potions of haste
 O - 4 potions of berserk rage
 P - a potion of brilliance
Miscellaneous
 n - a lightning rod (4/4)
 x - a condenser vane
 N - a tin of tremorstones (2/2)


   Skills:
 * Level 19.4 Fighting
 + Level 13.5 Axes
 - Level 3.4 Throwing
 + Level 13.4 Armour
 - Level 1.2 Dodging
 - Level 0.1 Stealth
 + Level 13.3 Shields
 + Level 18.2 Invocations
 + Level 13.6 Evocations


You had 18 spell levels left.
You didn't know any spells.
Your spell library contained the following spells:

 Spells                   Type           Power      Damage    Failure   Level
 Apportation              Tloc           0%         N/A       99%         1
 Kiss of Death            Conj/Necr      0%         2d5       99%         1
 Sandblast                Erth           0%         2d4       99%         1
 Slow                     Hex            0%         N/A       99%         1
 Blink                    Tloc           0%         N/A       100%        2
 Cigotuvi's Dreadful Rot  Necr/Pois/Air  0%         N/A       100%        2
 Ensorcelled Hibernation  Hex/Ice        0%         N/A       100%        2
 Momentum Strike          Conj/Tloc      0%         3d8       100%        2
 Passwall                 Tmut/Erth      0%         N/A       100%        2
 Confusing Touch          Hex            0%         N/A       100%        3
 Dazzling Flash           Conj/Hex       0%         N/A       100%        3
 Gell's Gravitas          Tloc           0%         N/A       100%        3
 Lesser Beckoning         Tloc           0%         N/A       100%        3
 Ozocubu's Armour         Ice            0%         N/A       100%        3
 Stone Arrow              Conj/Erth      0%         3d7       100%        3
 Swiftness                Air            0%         N/A       100%        3
 Teleport Other           Tloc           0%         N/A       100%        3
 Vampiric Draining        Necr           0%         2d6       100%        3
 Dispel Undead            Necr           0%         3d6       100%        4
 Iskenderun's Mystic Bla  Conj/Tloc      0%         2d3       100%        4
 Leda's Liquefaction      Hex/Erth       0%         N/A       100%        4
 Summon Lightning Spire   Summ/Air       0%         N/A       100%        4
 Alistair's Intoxication  Tmut/Pois      0%         N/A       100%        5
 Iskenderun's Battlesphe  Conj           0%         2d6       100%        5
 Lee's Rapid Deconstruct  Erth           0%         3d4*      100%        5
 Dispersal                Tloc           0%         N/A       100%        6
 Iron Shot                Conj/Erth      0%         9d1       100%        6
 Starburst                Conj/Fire      0%         6d3       100%        6
 Statue Form              Tmut/Erth      0%         N/A       100%        6
 Ozocubu's Refrigeration  Ice            0%         4d7       100%        7
 Spellforged Servitor     Conj/Summ      0%         N/A       100%        7


Dungeon Overview and Level Annotations

Branches:
Dungeon (15/15)            Temple (1/1) D:4            Lair (5/5) D:10
 Shoals (4/4) Lair:2       Spider (4/4) Lair:3        Slime (0/5) Lair:5
    Orc (1/2) D:10         Vaults (4/5) D:13         Depths (0/4) D:15
Volcano (visited)         Gauntlet (visited)
  Crypt: Vaults:2-3

Altars:
Ashenzari
Dithmenos
Fedhas
Hepliaklqana
Kikubaaqudgha
Makhleb
Nemelex Xobeh
Okawaru
Qazlal
Ru
Sif Muna
Trog
Vehumet
Wu Jian
Yredelemnul
Jiyva

Shops:
D:6 ?   D:11 :?*!   D:12 [   D:15 (   Shoals:1 !

Portals:
Trove: D:13 (give 8 potions of haste)


Innate Abilities, Weirdness & Mutations

You have a pair of large antennae on your head. (SInv)
You have an unnaturally thin skeletal structure. (Dex +6, Stealth+++)
Your demonic aura often causes spilled blood to erupt in flames.
You are completely covered in sharp spines.
Your hexes are more powerful.


Message History

You barely miss the peacekeeper.
The peacekeeper is almost destroyed.
You hit the crystal guardian but do no damage.
The peacekeeper is struck by your spines.
You destroy the peacekeeper!
Qazlal accepts your kill.
The crystal guardian fires a crystalline bolt at you.
The crystal bolt freezes you!!
You feel protected from cold. The crystal bolt freezes you. You resist.
The crystal bolt freezes the crystal guardian.
The crystal guardian completely resists.
The crystal bolt freezes the crystal guardian.
The crystal guardian completely resists.
You slash the crystal guardian!
The crystal guardian is almost destroyed.
The crystal guardian fires a crystalline bolt at you.
The crystal bolt freezes you!! You resist.
You feel more protected from cold.
* * * LOW HITPOINT WARNING * * *
The crystal bolt is repelled.
The crystal bolt freezes the crystal guardian.
The crystal guardian completely resists.
The crystal bolt freezes the crystal guardian.
The crystal guardian completely resists.
Press: ? - help, v - describe, . - travel
Here: a crystal guardian (almost destroyed, strong)
The floor.
You hit the crystal guardian.
The crystal guardian is almost destroyed.
The crystal guardian hits you!!
* * * LOW HITPOINT WARNING * * *
Your resistance to cold fades away.
You feel protected from physical attacks.
You feel much better.
The crystal guardian fires a crystalline bolt at you.
The crystal bolt burns you!!!
Your resistance to physical damage fades away.
You feel protected from fire.
You die...

#..8).#
#...........
#...........
###########+######
...... .... ## #
#.§# #.#
#..##°°##..#
#...'.@.°..#
#..?#9○....# #.#
##'##..# # ##..##
.# ###### ##....##
# ...#T# #......#
...### #......#
...#c# ####....##
...### #.###..##


You could see a crystal guardian (strong).

Vanquished Creatures
  Jorgrun (D:12)
  Mlioglotl (Spider:2)
  An acid blob (D:14)
  4 sphinxes
  3 krakens
  Ilsuiw (Shoals:2)
  A fire giant (D:12)
  5 emperor scorpions
  A frost giant (D:13)
  3 ghost moths
  5 vault wardens
  An orc warlord (Vaults:3)
  Louise (D:15)
  A war gargoyle (Vaults:3)
  A quicksilver ooze (D:14)
  The ghost of Aqonk the Stormcaller, a journeyman OpAE of Gozag (D:14)
  5 ironbound thunderhulks
  4 very ugly things (Vaults:3)
  A broodmother (Spider:2)
  5 ironbound preservers
  The ghost of Grognak the Blocker, a journeyman MiFi of Okawaru (Shoals:1)
  2 eleionomae (Shoals:3)
  3 dire elephants (Vaults:2)
  A minotaur (Gauntlet)
  The ghost of jlumianski the Cleaver, a journeyman DsFi of Qazlal (D:12)
  3 spark wasps
  12 merfolk impalers
  A green death (Gauntlet)
  11 merfolk javelineers
  3 entropy weavers
  A fire dragon (Lair:5)
  A jiangshi (Vaults:3)
  8 yaktaur captains
  A rakshasa (D:15)
  3 great orbs of eyes
  5 hydras
  7 vault guards (Vaults:3)
  3 ironbound frosthearts
  2 catoblepae
  2 peacekeepers (Vaults:3)
  11 boulder beetles
  12 centaur warriors
  A jorogumo (Spider:2)
  4 merfolk aquamancers
  6 merfolk avatars
  4 death yaks
  5 two-headed ogres
  4 satyrs (Shoals:3)
  A tengu warrior (D:14)
  A skeletal warrior (D:7)
  A sun moth (Spider:3)
  A fire crab (shapeshifter) (D:15)
  2 fire crabs
  17 deep trolls
  A salamander mystic (Volcano)
  Lodul (D:12)
  7 pharaoh ants
  8 orb spiders
  12 sea snakes
  A glowing orange brain (D:14)
  14 steelbarb worms
  A phantasmal warrior (D:12)
  12 harpies
  A kraken simulacrum (Shoals:4)
  5 wizards
  10 ironbound convokers
  A harpy (shapeshifter) (Gauntlet)
  5 lindwurms
  5 deep elf pyromancers
  4 orc knights
  12 wolf spiders
  25 fauns
  21 ugly things
  2 salamanders (Volcano)
  A moth of wrath (Spider:3)
  7 cyclopes
  16 manticores
  6 merfolk sirens
  6 vault sentinels
  6 elephants
  3 molten gargoyles (Volcano)
  5 black mambas
  5 water nymphs
  3 gargoyles
  9 torpor snails
  6 cane toads
  8 demonic crawlers
  2 orange demons (Gauntlet)
  A kobold demonologist (D:9)
  An unseen horror (D:7)
  3 rime drakes
  2 efreet
  9 komodo dragons
  12 yaktaurs
  A freezing wraith (D:14)
  A queen bee (D:13)
  10 meliai
  3 tengu conjurers
  A polar bear (Lair:1)
  7 trolls
  4 tyrant leeches (Lair:5)
  14 tarantellas
  38 slime creatures
  4 wind drakes
  11 blink frogs
  32 merfolk
  4 snapping turtles
  8 hornets (Lair:5)
  27 jumping spiders
  4 dream sheep
  3 shadows
  14 culicivoras
  24 yaks
  3 wraiths
  A vampire (D:10)
  21 water elementals
  4 fire bats (Gauntlet)
  A fire bat (shapeshifter) (D:14)
  6 basilisks
  A wyvern (D:9)
  2 golden eyes (D:14)
  9 vampire mosquitoes
  A steam dragon (D:7)
  A redback (shapeshifter) (D:14)
  42 redbacks
  A warg (D:10)
  A warg (shapeshifter) (D:14)
  2 acid dragons
  18 water moccasins
  3 large abominations (Gauntlet)
  5 orc warriors
  2 ice beasts
  2 sky beasts
  A tengu (shapeshifter) (Gauntlet)
  3 black bears
  14 centaurs
  16 wolves
  10 ogres
  3 kobold brigands
  A phantom (D:7)
  15 bullfrogs
  7 scorpions
  8 wights
  5 small abominations (Gauntlet)
  32 killer bees
  3 howler monkeys
  An electric eel (D:14)
  9 orc priests
  8 hounds
  3 jellies (Lair:5)
  3 iguanas
  2 hell rats
  16 orc wizards
  An adder (D:3)
  2 river rats (D:10)
  5 white imps
  3 ufetubi
  3 worms (Lair:3)
  57 orcs
  6 bats
  8 endoplasms
  3 giant cockroaches
  10 goblins
  9 hobgoblins
  8 jackals
  17 kobolds
  4 quokkas
  7 ball pythons
  8 frilled lizards
  12 rats
  10 tentacles
1115 creatures vanquished.

Vanquished Creatures (collateral kills)
  A revenant (Vaults:3)
  An emperor scorpion (Spider:4)
  An ironbound thunderhulk (Vaults:1)
  A dire elephant (Vaults:1)
  2 merfolk impalers
  3 entropy weavers
  A jorogumo (Spider:4)
  An alligator snapping turtle (Shoals:4)
  A death yak (Lair:2)
  A soul eater (Vaults:3)
  A sun moth (Spider:4)
  An ironbound convoker (Vaults:1)
  An orange crystal statue (Vaults:1)
  A wizard (Vaults:1)
  2 fauns (Shoals:1)
  A lindwurm (Lair:5)
  A wolf spider (Spider:4)
  A manticore (Shoals:4)
  4 ugly things (D:15)
  2 water nymphs
  4 merfolk
  A slime creature (D:14)
  A snapping turtle (Shoals:4)
  A jumping spider (Spider:1)
  A redback (Spider:4)
36 creatures vanquished.

Vanquished Creatures (others)
  A merfolk impaler (Shoals:2)
  2 wizards
  A merfolk siren (Shoals:2)
  A molten gargoyle (Volcano)
  A merfolk (Shoals:2)
  A water elemental (Shoals:4)
  A killer bee (D:14)
  23 fungi
  57 plants
  15 tentacles
103 creatures vanquished.

Grand Total: 1254 creatures vanquished

Notes
Turn   | Place    | Note
-------+----------+-------------------------------------------
     0 | D:1      | jlumianski the Demonspawn Fighter began the quest for the
                  | Orb.
     0 | D:1      | Reached XP level 1. HP: 18/18 MP: 1/1
   245 | D:1      | Gained mutation: You have a pair of small antennae on your
                  | head. [demonic ancestry]
   245 | D:1      | Reached XP level 2. HP: 21/24 MP: 2/2
   519 | D:1      | Found a faded altar of an unknown god.
   799 | D:1      | Gained mutation: You have a somewhat thin skeletal
                  | structure. (Dex +2, Stealth+) [demonic ancestry]
   799 | D:1      | Reached XP level 3. HP: 29/29 MP: 3/3
  1644 | D:3      | Reached XP level 4. HP: 14/35 MP: 1/4
  1982 | D:3      | Found a blossoming altar of Fedhas.
  2553 | D:3      | Found an ornate altar of the Wu Jian Council.
  2623 | D:3      | Found a burning altar of Makhleb.
  2870 | D:4      | Reached XP level 5. HP: 38/42 MP: 3/5
  2879 | D:4      | Reached skill level 4 in Fighting
  2887 | D:4      | Found a staircase to the Ecumenical Temple.
  2898 | Temple   | Entered the Ecumenical Temple
  2917 | Temple   | Became a worshipper of Qazlal Stormbringer
  3181 | D:5      | Entered Level 5 of the Dungeon
  3256 | D:4      | Gained mutation: Your demonic aura sometimes causes spilled
                  | blood to erupt in flames. [demonic ancestry]
  3256 | D:4      | Reached XP level 6. HP: 45/48 MP: 6/6
  4259 | D:5      | Reached * piety under Qazlal
  4260 | D:5      | Reached skill level 1 in Dodging
  4260 | D:5      | Reached XP level 7. HP: 55/55 MP: 7/7
  4825 | D:5      | Found a bloodstained altar of Trog.
  4827 | D:5      | Noticed a wizard
  4834 | D:5      | Killed a wizard
  4850 | D:5      | Reached skill level 1 in Invocations
  5443 | D:7      | Reached skill level 5 in Fighting
  5513 | D:6      | Reached skill level 5 in Axes
  5513 | D:6      | Gained mutation: You have a moderately thin skeletal
                  | structure. (Dex +4, Stealth++) [demonic ancestry]
  5513 | D:6      | Reached XP level 8. HP: 54/62 MP: 7/10
  5744 | D:6      | Found an ancient bone altar of Kikubaaqudgha.
  5878 | D:6      | Reached skill level 8 in Fighting
  5878 | D:6      | Reached skill level 5 in Shields
  5878 | D:6      | Reached XP level 9. HP: 74/74 MP: 10/15
  5961 | D:6      | Reached ** piety under Qazlal
  6290 | D:6      | Found Wypixt's Magic Scroll Boutique.
  6297 | D:6      | Bought a scroll of identify for 26 gold pieces
  6297 | D:6      | Bought a scroll of enchant weapon for 97 gold pieces
  6297 | D:6      | Bought a scroll of teleportation for 39 gold pieces
  6297 | D:6      | Bought a scroll of enchant armour for 97 gold pieces
  6524 | D:7      | Found a shimmering blue altar of Sif Muna.
  6553 | D:7      | Found a hazy altar of Hepliaklqana.
  7000 | D:7      | Gained mutation: You have a pair of antennae on your head.
                  | [demonic ancestry]
  7000 | D:7      | Reached XP level 10. HP: 75/82 MP: 14/16
  7006 | D:7      | Noticed a skeletal warrior
  7009 | D:7      | Noticed a manticore
  7307 | D:7      | Killed a manticore
  8006 | D:8      | Noticed a two-headed ogre
  8018 | D:8      | Killed a two-headed ogre
  8019 | D:8      | Reached skill level 9 in Fighting
  8871 | D:9      | Reached skill level 5 in Evocations
  8930 | D:9      | Noticed a two-headed ogre
  8954 | D:9      | Killed a two-headed ogre
  9126 | D:10     | Entered Level 10 of the Dungeon
  9132 | D:9      | Noticed a boulder beetle
  9146 | D:9      | Killed a boulder beetle
  9147 | D:9      | Gained mutation: You are partially covered in sharp spines.
                  | [demonic ancestry]
  9147 | D:9      | Reached XP level 11. HP: 49/89 MP: 9/18
  9879 | D:10     | Noticed a death yak
  9879 | D:10     | Noticed a death yak
  9882 | D:10     | Noticed a death yak
  9889 | D:10     | Killed a death yak
  9899 | D:10     | Killed a death yak
  9900 | D:10     | Reached skill level 10 in Fighting
  9909 | D:9      | Killed a death yak
 10036 | D:10     | Reached *** piety under Qazlal
 10061 | D:9      | Reached skill level 10 in Invocations
 10095 | D:10     | Found a staircase to the Lair.
 10232 | D:10     | Found a staircase to the Orcish Mines.
 10401 | D:11     | Noticed a two-headed ogre
 10408 | D:11     | Killed a two-headed ogre
 10785 | D:7      | Killed a skeletal warrior
 11103 | D:11     | Found Feodaj's Book Shop.
 11269 | D:11     | Found Tonad's General Store.
 11279 | D:11     | Bought a +0 broad axe for 60 gold pieces
 11344 | D:11     | Identified the +5 war axe of Zin's Esteem {vorpal, rElec
                  | rN+}
 11395 | D:11     | Found Nuerec's Distillery.
 11404 | D:11     | Bought a potion of heal wounds for 85 gold pieces
 11666 | D:11     | Found Fest's Magic Scroll Shoppe.
 11670 | D:11     | Bought a scroll of magic mapping for 75 gold pieces
 11847 | Lair:1   | Entered Level 1 of the Lair of Beasts
 11957 | D:12     | Noticed a two-headed ogre
 11959 | D:12     | Noticed a deep elf pyromancer
 11981 | D:12     | Noticed a fire giant
 11982 | D:12     | Noticed a phantasmal warrior
 12010 | D:13     | Noticed a boulder beetle
 12023 | D:13     | Noticed a centaur warrior
 12079 | D:12     | Killed a boulder beetle
 12080 | D:12     | Reached XP level 12. HP: 42/99 MP: 8/19
 12088 | D:12     | Noticed jlumianski's ghost (journeyman DsFi)
 12241 | D:12     | Found a transporter.
 12429 | D:12     | Noticed Jorgrun
 12458 | D:12     | Killed Jorgrun
 12589 | D:12     | Noticed Lodul
 12596 | D:12     | Reached skill level 11 in Fighting
 12613 | D:12     | Killed Lodul
 12702 | D:12     | Found a transporter.
 12808 | D:12     | Found Nacleir's Antique Armour Boutique.
 13046 | D:12     | Killed jlumianski's ghost
 13281 | D:13     | Noticed a centaur warrior
 13295 | D:12     | Killed a centaur warrior
 13353 | D:13     | Noticed a boulder beetle
 13483 | D:13     | Killed a boulder beetle
 13581 | D:13     | HP: 5/100 [centaur warrior/arrow (17)]
 13745 | Orc:1    | Entered Level 1 of the Orcish Mines
 14309 | D:11     | Bought a potion of heal wounds for 75 gold pieces
 14309 | D:11     | Bought a scroll of blinking for 112 gold pieces
 14309 | D:11     | Bought a scroll of blinking for 112 gold pieces
 14327 | D:11     | Bought 2 boomerangs for 15 gold pieces
 14432 | D:12     | Killed a two-headed ogre
 14525 | D:12     | Bought a runed plate armour for 598 gold pieces
 15001 | D:12     | Killed a fire giant
 15339 | D:13     | Killed a centaur warrior
 15493 | D:13     | Found a portal to a secret trove of treasure.
 15570 | D:13     | Found a gate to the Vaults.
 15570 | D:13     | Noticed a two-headed ogre
 15580 | D:13     | Killed a two-headed ogre
 15581 | D:13     | Reached skill level 12 in Fighting
 15581 | D:13     | Gained mutation: You are mostly covered in sharp spines.
                  | [demonic ancestry]
 15581 | D:13     | Reached XP level 13. HP: 108/108 MP: 18/21
 15984 | D:14     | Found a runed translucent gate.
 15984 | D:14     | Found a runed translucent gate.
 15984 | D:14     | Found a runed translucent gate.
 15991 | D:14     | Noticed Aqonk's ghost (journeyman OpAE)
 15991 | D:14     | Noticed an acid blob
 15992 | D:14     | Noticed a quicksilver ooze
 15994 | D:14     | Found a viscous altar of Jiyva.
 16017 | D:14     | Found a gate leading to a gauntlet.
 16025 | Gauntlet | Entered a Gauntlet
 16025 | Gauntlet | Found a transporter.
 16048 | Gauntlet | Found a transporter.
 16049 | Gauntlet | Found a transporter.
 16055 | Gauntlet | Found a runed translucent gate.
 16056 | Gauntlet | Found a transporter.
 16100 | Gauntlet | Found a runed translucent gate.
 16100 | Gauntlet | Found a runed translucent gate.
 16125 | Gauntlet | Found a transporter.
 16127 | Gauntlet | Found a transporter.
 16128 | Gauntlet | Found a transporter.
 16171 | Gauntlet | Found a transporter.
 16178 | Gauntlet | Reached **** piety under Qazlal
 16190 | Gauntlet | Found a transporter.
 16194 | Gauntlet | Found a transporter.
 16329 | Gauntlet | Found a transporter.
 16331 | Gauntlet | Found a transporter.
 16358 | Gauntlet | Found a transporter.
 16361 | Gauntlet | Noticed a green death
 16374 | Gauntlet | Found a runed translucent door.
 16375 | Gauntlet | Found a transporter.
 16394 | Gauntlet | Killed a green death
 16413 | Gauntlet | Identified the ring "Behimien" {Fly rElec Will+}
 16544 | Gauntlet | Identified the amulet "Bitwaut" {Faith rF+}
 16544 | Gauntlet | Noticed a minotaur
 16565 | Gauntlet | Killed a minotaur
 18239 | Lair:2   | Reached skill level 13 in Fighting
 18613 | Lair:2   | Found a staircase to the Shoals.
 18677 | Lair:2   | Gained mutation: You have a pair of large antennae on your
                  | head. (SInv) [demonic ancestry]
 18677 | Lair:2   | Reached XP level 14. HP: 118/118 MP: 23/23
 19023 | Lair:5   | Entered Level 5 of the Lair of Beasts
 19099 | Lair:5   | Reached ***** piety under Qazlal
 19104 | Lair:5   | Found a dark tunnel.
 19117 | Volcano  | Entered a volcano
 19452 | Abyss:2  | Cast into level 2 of the Abyss (a wizard)
 19460 | Volcano  | Escaped the Abyss
 19506 | Volcano  | Noticed an orb of fire
 19508 | Volcano  | Noticed an orb of fire
 19930 | Lair:3   | Found a hole to the Spider Nest.
 19957 | Lair:3   | Reached skill level 10 in Axes
 20803 | Lair:4   | Reached skill level 14 in Fighting
 21655 | Lair:5   | Found a staircase to the Slime Pits.
 21659 | Lair:5   | Found a viscous altar of Jiyva.
 21910 | Lair:5   | Reached skill level 10 in Armour
 22127 | Lair:5   | Found a runed translucent door.
 22209 | Lair:5   | Paralysed by a hornet for 2 turns
 22247 | Lair:5   | Paralysed by a hornet for 1 turns
 22708 | Shoals:1 | Entered Level 1 of the Shoals
 22744 | Shoals:1 | Gained mutation: You are completely covered in sharp
                  | spines. [demonic ancestry]
 22744 | Shoals:1 | Reached XP level 15. HP: 94/127 MP: 19/25
 22749 | Shoals:1 | Reached skill level 10 in Shields
 23093 | Shoals:1 | Found a transporter.
 23093 | Shoals:1 | Found a transporter.
 23094 | Shoals:1 | Noticed Grognak's ghost (journeyman MiFi)
 23096 | Shoals:1 | Noticed a kraken
 23131 | Shoals:1 | Found Ekhlu Hei's Distillery.
 23180 | Shoals:1 | Bought a potion of heal wounds for 95 gold pieces
 23180 | Shoals:1 | Bought a potion of haste for 190 gold pieces
 23180 | Shoals:1 | Bought a potion of haste for 190 gold pieces
 23228 | Shoals:2 | Found a flickering gateway to a bazaar.
 23252 | Bazaar   | Entered a bazaar
 23274 | Bazaar   | Found Deovor's Distillery.
 23301 | Bazaar   | Found Woywix's Assorted Antiques.
 23301 | Bazaar   | Found Zeega's Jewellery Shoppe.
 23326 | Bazaar   | Found Gegg's General Store.
 23345 | Bazaar   | Found Weuser's Antique Armour Emporium.
 23345 | Bazaar   | Found Bohibb's General Store.
 23448 | Bazaar   | Bought a pearl ring for 145 gold pieces
 23448 | Bazaar   | Bought a golden ring for 145 gold pieces
 23524 | Bazaar   | Bought a scroll of enchant weapon for 67 gold pieces
 23524 | Bazaar   | Bought a scroll of enchant weapon for 67 gold pieces
 23706 | Bazaar   | Bought a lightning rod (4/4) for 300 gold pieces
 24505 | Shoals:1 | Killed a kraken
 24506 | Shoals:1 | Reached skill level 10 in Evocations
 24527 | Shoals:1 | Killed Grognak's ghost
 24536 | Shoals:1 | Identified the ring "Toheheqe" {rF+ Stlth+}
 24723 | Shoals:2 | Reached skill level 15 in Fighting
 24776 | Shoals:2 | Noticed Ilsuiw
 25236 | Shoals:2 | Killed Ilsuiw
 25610 | Shoals:3 | Noticed a kraken
 25618 | Shoals:3 | Killed a kraken
 26309 | Shoals:3 | Identified the +6 longbow of the Unseen Realm {freeze, SInv
                  | Stlth+}
 26823 | Shoals:4 | Entered Level 4 of the Shoals
 26948 | Shoals:3 | Noticed a kraken
 26962 | Shoals:3 | Killed a kraken
 27080 | Shoals:3 | Reached XP level 16. HP: 132/136 MP: 27/27
 28127 | Shoals:4 | Reached skill level 15 in Invocations
 28211 | Shoals:4 | Identified the +7 chain mail of Xuxeme {+Inv Regen+ Dex-2}
 28518 | Shoals:4 | Reached skill level 16 in Fighting
 29111 | Shoals:4 | Identified the amulet "Wyloits" {Reflect Harm Str+3 Dex+2
                  | SH+5}
 29450 | Shoals:4 | Got a barnacled rune of Zot
 29821 | Spider:1 | Entered Level 1 of the Spider Nest
 29992 | Spider:1 | Identified the +3 chain mail "Trusted Companion" {rC- Dex+3
                  | Stlth+}
 31274 | Spider:2 | Noticed Mlioglotl
 31296 | Spider:2 | Killed Mlioglotl
 31297 | Spider:2 | Gained mutation: You have an unnaturally thin skeletal
                  | structure. (Dex +6, Stealth+++) [demonic ancestry]
 31297 | Spider:2 | Reached XP level 17. HP: 73/146 MP: 28/28
 31812 | Spider:2 | Paralysed by a jorogumo for 3 turns
 32179 | Spider:3 | Identified the +0 robe of Buumen {rF+}
 32188 | Spider:3 | Reached skill level 17 in Fighting
 32388 | Spider:2 | Identified the +0 war axe of Debt {freeze, Int+2}
 33340 | Spider:4 | Entered Level 4 of the Spider Nest
 33681 | Spider:3 | Reached ****** piety under Qazlal
 35119 | Spider:4 | Got a gossamer rune of Zot
 35848 | D:15     | Entered Level 15 of the Dungeon
 35854 | D:15     | Gained mutation: Your hexes are more powerful. [demonic
                  | ancestry]
 35854 | D:15     | Reached XP level 18. HP: 155/156 MP: 18/30
 35909 | D:15     | Noticed Louise
 35915 | D:15     | Killed Louise
 36273 | D:15     | Reached skill level 18 in Fighting
 36394 | D:14     | You fall into a shaft and drop 1 floor!
 37031 | D:14     | Killed Aqonk's ghost
 37138 | D:15     | Found Xoenwargh's Antique Weapon Boutique.
 37163 | D:15     | Got Xoseynni's Collected Works on the Assistive Black Widow
 37240 | D:15     | Paralysed by a great orb of eyes for 5 turns
 37346 | D:15     | Found a staircase to the Depths.
 37792 | Vaults:1 | Entered Level 1 of the Vaults
 39537 | Vaults:2 | Found a gateway to a bazaar.
 39558 | Bazaar   | Entered a bazaar
 39562 | Bazaar   | Found Quteta's Armour Shop.
 39575 | Bazaar   | Found Vouvogas's Distillery.
 39596 | Bazaar   | Found Vegeuvur's Assorted Antiques.
 39596 | Bazaar   | Found Edodgh's Book Boutique.
 39619 | Bazaar   | Bought a scroll of teleportation for 66 gold pieces
 40078 | Vaults:2 | Identified the +3 scale mail of the Great Game {*Corrode
                  | rPois rN+ Int+3}
 40545 | Vaults:2 | Gained mutation: Your demonic aura often causes spilled
                  | blood to erupt in flames. [demonic ancestry]
 40545 | Vaults:2 | Reached XP level 19. HP: 158/165 MP: 31/31
 40780 | Vaults:3 | Reached skill level 19 in Fighting
 40913 | Vaults:3 | Identified the +0 robe "Zadylem" {rC++ Str+3}
 41035 | Vaults:3 | Paralysed by a sphinx for 3 turns
 41389 | Vaults:3 | Paralysed by a sphinx for 2 turns
 41660 | Vaults:3 | Paralysed by a sphinx for 2 turns
 41955 | Vaults:3 | Killed from afar by a crystal guardian

Illustrated notes

Levels and vault maps discovered:
D:1:      dpeg_arrival_houses_and_road, layout_loops_ring,
          shapermc_ecumenical_altar_totnotflames, minmay_misc_feat_roman
D:2:      layout_rooms
D:3:      layout_basic, fedhas_ov_isle_minmay, mainiacjoe_overflow_two_lobes
D:4:      layout_basic, minmay_temple_entry_junction_2
D:5:      layout_gridville, trog_wizard, roderic_malta_cross
D:6:      layout_loops_ring, lemuel_crystal_altar, serial_shops,
          kennysheep_little_box, kennysheep_generic_room_10
D:7:      minmay_slanted_spiral_squares, layout_rooms,
          nzn_hepliaklqana_mist_gate, led_sif_pool
D:8:      layout_rooms, nicolae_zen_rock_garden, kennysheep_generic_room_15
D:9:      layout_loops_ring
D:10:     layout_basic, dpeg_lair_monsters, orc_0_dummy,
          hangedman_abyss_or_decor_clamps
D:11:     layout_stronghold, serial_shops, nicolae_shop_stone, shop,
          nicolae_shop_trees, shop
D:12:     layout_roguey, serial_shops, shop_fountains, gammafunk_ghost_arena,
          uniq_lodul, uniq_jorgrun
D:13:     layout_cave_pools, david_vaults_1, enter_trove_0
D:14:     regret_index_wax_grids, layout_basic, minmay_staircase_bubble,
          gammafunk_ghost_ooze, gauntlet_entry_generic
D:15:     gammafunk_enter_depths_forms, layout_small_grid,
          chequers_hall_statues_wall_a, serial_shops, shop, uniq_louise
Temple:   eino_wide_crystal_templ
Lair:1:   layout_cave_pods, minmay_shattered_shrine, infiniplex_staircase_pool_2
Lair:2:   layout_loops_ring, elwin_shoals_entry_stream, basic_altar,
          infiniplex_staircase_pool
Lair:3:   layout_regular_city, nicolae_spider_entry_non_spiders
Lair:4:   layout_small_grid, grunt_megastairs_1
Lair:5:   wormcave, layout_long_grid, nicolae_slime_entry_slimehenge,
          nicolae_volcano_entry_hallway, serial_bayou_pond_d
Shoals:1: layout_shoals, ebering_ghost_davey_jones, serial_shops,
          nicolae_square_shop
Shoals:2: layout_shoals, serial_shops, freezing_bzr, uniq_ilsuiw
Shoals:3: layout_shoals, nicolae_shoals_enchanted_isle
Shoals:4: shoals_end_grunt_ice, layout_shoals, shoal_ilsuiw
Spider:1: layout_spider_delve, hangedman_spider_tarantella_strand
Spider:2: layout_chambers, hellmonk_narrow_tunnel, uniq_mlioglotl
Spider:3: layout_spider_delve, nicolae_spider_baby_got_redback,
          nicolae_spider_cling_halls
Spider:4: hellmonk_spider_rune_bug_friends, hangedman_spider_mandibles
Orc:1:    layout_diamond_mine
Vaults:1: nicolae_vaults_statue_guard, ontoclasm_vaults_hangar,
          vaults_room_pool, hangedman_vaults_pinch, ontoclasm_vaults_tryst,
          nicolae_vaults_three_branches, nicolae_vaults_little_squares_3,
          dpeg_vaults_monster_row, nicolae_vaults_little_squares_2,
          vaults_dpeg_hooks, layout_vaults_ring
Vaults:2: st_lattice, vaults_room_stairs_pillars, vaults_room_grid, v_misc_8,
          ontoclasm_vaults_ligature, grunt_vaults_twisty,
          ontoclasm_vaults_fault, layout_vaults_omnigrid, serial_shops,
          bzr_firewalk
Vaults:3: v_misc_8, minmay_crypt_entry_simple_walls,
          nicolae_vaults_holding_cells, nicolae_vaults_little_squares_6,
          v_misc_18, hangedman_vaults_snaps, grunt_vaults_bifocal, v_rooms_5,
          nicolae_vaults_mini_display_case, vaults_mumra_chevron,
          vaults_room_door_ring, hangedman_vaults_capsules, vaults_room_hallway,
          hangedman_vaults_impose, vaults_dpeg_diagonal,
          vaults_standard_mumra_enter_the_diamond, layout_vaults_omnicross
Vaults:4: hangedman_vaults_nodes, v_misc_5, nicolae_vaults_little_squares_3,
          hangedman_vaults_slice, v_pattern_4, vaults_room_semicircle,
          vaults_standard_mumra_enter_the_diamond, layout_vaults_chaotic_city,
          serial_shops, shop

Skill      XL: |  1  2  3  4  5  6  7  8  9 10 11 12 13 14 15 16 17 18 19 |
---------------+----------------------------------------------------------+-----
Shields        | 3 4 5 6 7 8 9 10 11 12 13 | 13.3
Armour         | 3 4 6 7 8 9 10 11 12 13 | 13.4
Axes           | 2 3 4 5 6 7 8 9 10 11 12 13 | 13.5
Fighting       | 4 5 8 9 10 12 13 14 15 16 17 18 19 | 19.4
Dodging        | 1 |  1.2
Invocations    | 2 8 9 10 11 12 13 14 15 16 17 18 | 18.2
Throwing       | 3 |  3.4
Evocations     | 3 4 5 6 7 8 9 10 11 12 13 | 13.6
Stealth        | |  0.1

Action                   |  1- 3 |  4- 6 |  7- 9 | 10-12 | 13-15 | 16-18 | 19-21 || total
-------------------------+-------+-------+-------+-------+-------+-------+-------++-------
Melee: War axe           |   164 |   187 |   263 |   411 |   816 |  1208 |   154 ||  3203
       Broad axe         |       |       |       |    90 |       |       |       ||    90
       Scimitar          |       |       |       |       |    12 |       |       ||    12
       Demon trident     |       |       |       |       |       |     2 |       ||     2
Throw: Stone             |       |     5 |    14 |       |       |       |       ||    19
       Dart              |       |       |       |    57 |       |       |       ||    57
       Boomerang         |       |       |       |       |    17 |    30 |       ||    47
Invok: Upheaval          |       |       |       |     7 |     8 |    10 |       ||    25
       Elemental Force   |       |       |       |     1 |     8 |    13 |     2 ||    24
       Disaster Area     |       |       |       |       |     1 |       |       ||     1
Evoke: Wand              |       |       |       |     2 |       |       |       ||     2
       Tin of tremorston |       |       |       |     2 |     3 |     4 |     1 ||    10
       Phial of floods   |       |       |       |     1 |       |       |       ||     1
       Lightning rod     |       |       |       |       |     1 |     8 |       ||     9
  Use: Scroll            |     6 |     5 |     3 |    17 |    14 |     6 |       ||    51
       Potion            |     1 |     2 |     1 |     5 |     4 |     4 |     2 ||    19
 Stab: Distracted        |       |       |       |       |     4 |     3 |       ||     7
       Confused          |       |       |       |       |     1 |       |       ||     1
       Paralysed         |       |       |       |       |     3 |    11 |       ||    14
Armor: Scale mail        |   115 |       |       |       |       |       |       ||   115
       Chain mail        |       |   103 |   146 |   209 |       |   740 |    66 ||  1264
       Plate armour      |       |       |       |   146 |   595 |    33 |       ||   774
Dodge: Dodged            |    88 |    61 |   104 |   210 |   263 |   380 |    14 ||  1120
       Repelled          |       |       |       |       |     8 |    14 |     1 ||    23
Block: Buckler           |    46 |    60 |   117 |   337 |   660 |   768 |       ||  1988
       Tower shield      |       |       |       |       |       |   472 |   236 ||   708
       Reflection        |       |       |       |       |       |    30 |    11 ||    41

Table legend: (Time is in decaauts)
 A = Elapsed time spent in this place.
 B = Non-inter-level travel time spent in this place.
 C = Inter-level travel time spent in this place.
 D = Time resting spent in this place.
 E = Time spent auto-exploring this place.
 F = Levels seen in this place.
 G = Mean time per level.
                   A        B        C        D        E       F      G
               +--------+--------+--------+--------+--------+-----+--------+
         Total |  42473 |  39480 |   2993 |   4030 |  18122 |  39 | 1089.1 |
       Dungeon |  19270 |  17613 |   1657 |   1973 |   8576 |  15 | 1284.7 |
        Temple |     34 |     34 |      0 |      0 |      0 |   1 |   34.0 |
          Lair |   6052 |   5247 |    805 |    103 |   3192 |   5 | 1210.4 |
        Shoals |   6062 |   5867 |    195 |   1132 |   1831 |   4 | 1515.5 |
   Spider Nest |   4983 |   4748 |    235 |    385 |   2199 |   4 | 1245.8 |
  Orcish Mines |    434 |    419 |     15 |      0 |    266 |   1 |  434.0 |
        Vaults |   3861 |   3777 |     84 |     91 |   2022 |   4 |  965.2 |
         Abyss |      7 |      7 |      0 |      0 |      0 |   1 |    7.0 |
        Bazaar |    580 |    580 |      0 |      0 |      0 |   2 |  290.0 |
       Volcano |    606 |    606 |      0 |    121 |     35 |   1 |  606.0 |
      Gauntlet |    578 |    578 |      0 |    225 |      0 |   1 |  578.0 |
               +--------+--------+--------+--------+--------+-----+--------+

Top non-repeatable levels by time:
    D:12: 2421 daAuts
Spider:2: 1749 daAuts
Shoals:2: 1646 daAuts
Shoals:1: 1643 daAuts
  Lair:1: 1599 daAuts
    D:14: 1541 daAuts
     D:7: 1523 daAuts
    D:11: 1455 daAuts
     D:4: 1427 daAuts
     D:3: 1405 daAuts
Shoals:4: 1386 daAuts
Shoals:3: 1385 daAuts
    D:10: 1366 daAuts
Vaults:3: 1365 daAuts
     D:6: 1348 daAuts
